 Dungeon Crawl Stone Soup version 0.28.0-47-ge53b351184 (webtiles) character file.

Game seed: 11442918780705259363

2 firemarshallily the Caller (level 1, -2/13 HPs)
             Began as a Merfolk Summoner on May 6, 2022.
             Slain by a goblin
             ... wielding a +2 dagger of speed
              (5 damage)
             ... on level 1 of the Dungeon.
             The game lasted 00:01:08 (195 turns).

firemarshallily the Caller (Merfolk Summoner)        Turns: 195, Time: 00:01:08

Health: -2/13      AC:  2    Str:  8    XL:     1   Next: 40%
Magic:  0/3        EV: 12    Int: 14    God:
Gold:   14         SH:  0    Dex: 14    Spells: 3/4 levels left

rFire   . . .      SeeInvis .   (no weapon)
rCold   . . .      Faith    .   (no shield)
rNeg    . . .      Spirit   .   a - +0 robe
rPois   .          Reflect  .   (no helmet)
rElec   .          Harm     .   (no cloak)
rCorr   .          Rampage  .   (no gloves)
Will    .....                   (no boots)
Stlth   ++........              (no amulet)
HPRegen 0.04/turn               (no ring)
MPRegen 0.08/turn               (no ring)

@: no status effects
A: (nimble swimmer 2), mertail
a: no special abilities


You were on level 1 of the Dungeon.
You visited 1 branch of the dungeon, and saw 1 of its levels.

You collected 14 gold pieces.

Inventory:

Armour
 a - a +0 robe (worn)


   Skills:
 + Level 0.4 Polearms
 - Level 2.6 Dodging
 - Level 2.1 Stealth
 + Level 2.0 Spellcasting
 * Level 4.0 Summonings


You had 3 spell levels left.
You knew the following spells:

 Your Spells              Type           Power      Damage    Failure   Level
a - Summon Small Mammal   Summ           48%        N/A       4%          1

Your spell library contained the following spells:

 Spells                   Type           Power      Damage    Failure   Level
 Call Imp                 Summ           12%        N/A       7%          2
 Call Canine Familiar     Summ           12%        N/A       13%         3
 Summon Guardian Golem    Hex/Summ       7%         N/A       30%         3
 Summon Lightning Spire   Summ/Air       7%         N/A       71%         4


Dungeon Overview and Level Annotations

Branches:
Dungeon (1/15)

Altars:


Innate Abilities, Weirdness & Mutations

((You are very nimble when in or above water. (Stealth+, EV+, Speed+++)))
Your lower body shifts to a powerful aquatic tail in water.


Message History

You hit the bat but do no damage.
The bat is severely wounded.
The bat hits you.
Your bat closely misses the bat.
The bat closely misses your bat.
Your rat bites the bat.
The bat dies!
What are your orders? t - Shout!
Orders for allies: a - Attack new target. r - Retreat! s - Stop attacking. g - Guard the area. f - Follow me.
Anything else - Cancel.
Gang up on whom?
Press: ? - help, Dir - move target, f - goblin
Aim: a goblin, wielding a +2 dagger of speed (ally target) Attack!
The goblin hits your bat with a +2 dagger of speed.
Your bat dies!
Your bat's corpse disappears in a puff of smoke!
Your rat bites the goblin.
Casting: Summon Small Mammal (safe; 4% risk of failure)
Confirm with . or Enter, or press ? or * to list all spells.
The goblin hits your rat with a +2 dagger of speed.
Your rat dies!
Your rat's corpse disappears in a puff of smoke!
You closely miss the goblin.
The goblin is moderately wounded.
The goblin hits you with a +2 dagger of speed.
Your rat barely misses the goblin.
The goblin closely misses your rat.
Your rat bites the goblin.
You see here a bat corpse.
The goblin hits your rat with a +2 dagger of speed.
Your rat dies!
Your rat's corpse disappears in a puff of smoke!
Casting: Summon Small Mammal (safe; 4% risk of failure)
Confirm with . or Enter, or press ? or * to list all spells.
The goblin hits you with a +2 dagger of speed.
* * * LOW HITPOINT WARNING * * *
Your rat closely misses the goblin.
The goblin hits you with a +2 dagger of speed.
You die...

#.... #....#.#
..#.... #....#.#
.......###....#.##
#....>...........#
..#..............#
..........†...#..#
..............#..#
......#####.#......
#.#.#..@gr..........
# ########†########.
#.....#.......#
#.###.#.#####.#
#.#.#.#.# #.#...#.#
#.#####.# #.......#
#######.#


You could see a goblin (ally target) and a friendly rat (summoned).

Vanquished Creatures (collateral kills)
  A bat (D:1)
  A kobold (D:1)
  A rat (D:1)
3 creatures vanquished.

Notes
Turn   | Place    | Note
-------+----------+-------------------------------------------
     0 | D:1      | firemarshallily the Merfolk Summoner began the quest for
                  | the Orb.
     0 | D:1      | Reached XP level 1. HP: 13/13 MP: 3/3
   195 | D:1      | Slain by a goblin

Illustrated notes

Levels and vault maps discovered:
D:1:      matt_arrival_spirals, layout_basic, serial_glass, glass_columns_a,
          glass_columns_b, glass_columns_a, glass_columns_a, glass_columns_c,
          minmay_split_cup_small

Action                   || total
-------------------------++-------
Melee: Unarmed           ||    19
       Punch             ||     1
 Cast: Summon Small Mamm ||     9
Armor: Robe              ||     7
Dodge: Dodged            ||    12
